 Dungeon Crawl Stone Soup version 0.21.0-34-g9234887 (webtiles) character file.

316076 Inarius the Cryomancer (level 20, -1/155 HPs)
             Began as a Yellow Draconian Ice Elementalist on Jan 26, 2018.
             Was the Champion of Nemelex Xobeh.
             Slain by an ironbrand convoker
             ... wielding a +0 morningstar
             ... summoned by an orange crystal statue
              (10 damage)
             ... while paralysed
             ... on level 1 of the Vaults on Jan 29, 2018.
             The game lasted 04:49:18 (63343 turns).

Inarius the Cryomancer (DrIE)                      Turns: 63343, Time: 04:49:18

Health: -1/155     AC: 22    Str: 14      XL:     20   Next: 86%
Magic:  11/46      EV:  2    Int: 25 (28) God:    Nemelex Xobeh [******]
Gold:   111        SH:  0    Dex: 13      Spells: 11/43 levels left

rFire    . . .     SeeInvis .   P - +8 demon blade "Bloodbane" {slice, *Rage +Rage Stlth-}
rCold    + . .     Gourm    .   T - +5 shield {reflect}
rNeg     . . .     Faith    .   (armour unavailable)
rPois    .         Spirit   .   d - +3 hat of Pondering {ponderous, MR+ MP+10 Int+5}
rElec    .         Reflect  +   Z - +2 cloak {rF+}
rCorr    +         Harm     .   j - +1 pair of gloves {Str+3}
MR       +++..     Rnd*Rage +   g - +2 pair of boots {run}
Stlth    +.........             L - +4 amulet of reflection
HPRegen  0.35/turn              A - ring of ice
MPRegen  0.30/turn              c - ring of wizardry

@: paralysed, berserk cooldown, slowed
A: spit acid, acid resistance, unfitting armour, magic resistance 1, shaggy fur
1, acidic bite, cold-blooded, AC +10
}: 1/15 runes: serpentine
a: Breathe Acid, Triple Draw, Deal Four, Stack Five, Renounce Religion, Evoke
Berserk Rage


You were on level 1 of the Vaults.
You worshipped Nemelex Xobeh.
Nemelex Xobeh was exalted by your worship.
You were not hungry.

You visited 8 branches of the dungeon, and saw 34 of its levels.
You visited 1 bazaar.
You also visited: Trove, Sewer, Ice Cave and Volcano.

You collected 4268 gold pieces.
You spent 4157 gold pieces at shops.

Inventory:

Hand Weapons
 I - the +8 hand crossbow "Hydra's Curse" {freeze, *Drain rN+++ MR++ Stlth-}
   (You found it on level 2 of the Swamp)

   It causes projectiles fired from it to freeze those they strike, causing
   extra injury to most foes and up to half again as much damage against
   particularly susceptible opponents.
   They can also slow down cold-blooded creatures.
   It renders you almost immune to negative energy.
   It affects your resistance to hostile enchantments.
   It causes draining when unequipped.
   It makes you less stealthy.
 P - the +8 demon blade "Bloodbane" (weapon) {slice, *Rage +Rage Stlth-}
   (You found it on level 8 of the Dungeon)

   It inflicts extra damage upon your enemies.
   It lets you go berserk.
   It may make you go berserk in combat.
   It makes you less stealthy.
Armour
 d - the +3 hat of Pondering (worn) {ponderous, MR+ MP+10 Int+5}
   (You took it off Gastronok on level 2 of the Lair of Beasts)

   It affects your intelligence (+5).
   It affects your resistance to hostile enchantments.
   It affects your magic capacity (+10).
 g - a +2 pair of boots of running (worn)
 j - a +1 pair of gloves of strength (worn)
 t - a +2 cloak of invisibility
 T - a +5 shield of reflection (worn)
 Z - a +2 cloak of fire resistance (worn)
Jewellery
 a - the ring of Moodiness {AC+1 Str+5}
   (You found it in a treasure trove)

   [ring of protection]

   It affects your AC (+1).
   It affects your strength (+5).
 c - a ring of wizardry (right hand)
 v - an uncursed ring of protection from magic
 y - an uncursed amulet of magic regeneration
 A - a ring of ice (left hand)
 L - a +4 amulet of reflection (around neck)
 Q - an uncursed ring of protection from fire
Wands
 w - a wand of digging (7)
Scrolls
 h - 18 scrolls of teleportation
 i - 15 scrolls of remove curse
 q - a scroll of holy word
 r - 3 scrolls of fear
 u - a scroll of immolation
 G - 2 scrolls of blinking
 J - 2 scrolls of magic mapping
 W - 2 scrolls of identify
Potions
 f - 3 potions of resistance
 k - 8 potions of brilliance
 m - 4 potions of magic
 n - 4 potions of curing
 o - 5 potions of haste
 p - 3 potions of heal wounds
 s - 2 potions of mutation
 z - 2 potions of cancellation
 C - 2 potions of might
 D - 3 potions of agility
 S - a potion of ambrosia
 V - a potion of invisibility
Miscellaneous
 e - an ornate deck of summoning {drawn: 2}
 x - a legendary deck of destruction
 B - a legendary deck of summoning
 E - a legendary deck of summoning
 H - a legendary deck of summoning {drawn: 3}
 K - a legendary deck of destruction
 M - a legendary deck of escape
 N - a legendary deck of destruction
 R - an ornate deck of destruction {drawn: 2}
 U - an ornate deck of summoning
 X - an ornate deck of summoning
 Y - an ornate deck of summoning
Comestibles
 b - 24 rations


   Skills:
 - Level 8.0 Fighting
   Level 1.5(1.7) Short Blades
 - Level 1.1(1.5) Long Blades
   Level 1.2 Maces & Flails
 - Level 9.0 Dodging
 - Level 1.7 Stealth
 - Level 4.0 Shields
 - Level 12.2 Spellcasting
 + Level 12.8 Conjurations
 - Level 5.0 Charms
 - Level 4.0 Summonings
 - Level 4.1 Necromancy
 * Level 21.8 Ice Magic
 * Level 16.9 Invocations


You had 11 spell levels left.
You knew the following spells:

 Your Spells              Type           Power        Failure   Level  Hunger
a - Ozocubu's Refrigerat  Ice            ########..   1%          6    #####..
b - Ozocubu's Armour      Chrm/Ice       #######.     1%          3    None
c - Throw Icicle          Conj/Ice       ########     1%          4    None
d - Summon Ice Beast      Ice/Summ       #######.     1%          4    None
e - Regeneration          Chrm/Necr      #####.....   3%          3    None
f - Freezing Cloud        Conj/Ice/Air   #######...   9%          6    #####..
h - Bolt of Cold          Conj/Ice       ########..   1%          6    #####..


Dungeon Overview and Level Annotations

Branches:
Dungeon (15/15)            Temple (1/1) D:6            Lair (6/6) D:11
  Swamp (3/4) Lair:4        Snake (4/4) Lair:2        Slime (0/5) Lair:6
    Orc (2/2) D:9             Elf (2/3) Orc:2        Vaults (1/5) D:14
 Depths (0/5) D:15

Altars:
Ashenzari
Cheibriados
Dithmenos
Elyvilon
Fedhas
Gozag
Hepliaklqana
Kikubaaqudgha
Makhleb
Nemelex Xobeh
Okawaru
Qazlal
Ru
Sif Muna
Trog
Uskayaw
Vehumet
Wu Jian
Xom
Yredelemnul
Zin
The Shining One
Beogh
Jiyva

Shops:
D:4 =   D:15 *   Orc:2 [:([   Elf:2 }   Snake:3 (

Annotations:
D:3 Inarius's ghost, novice DrIE
Vaults:1 exclusion: orange crystal statue


Innate Abilities, Weirdness & Mutations

You can spit globs of acid.
You are resistant to acid.
Your golden yellow scales are hard. (AC +10)
You cannot fit into any form of body armour.
You have acidic saliva.
You are cold-blooded and may be slowed by cold attacks.
You are resistant to hostile enchantments. (MR+)
You are covered in fur. (AC +1)


Message History

You block the ogre's attack.
You are too berserk!
Unknown command.
Unknown command.
You are too berserk!
Unknown command.
You are too berserk!
Unknown command.
Unknown command.
You slash the vault warden!
You kill the vault warden!
The vault warden's corpse dissolves into shadows!
The runic seals fade away.
You block the vault guard's attack.
The door flies open with a bang!
You are no longer berserk.
You pass out from exhaustion.
You feel yourself slow down. The ogre hits you but does no damage.
The ironbrand convoker hits you with a morningstar!
You die...
Your body glows slightly and disappears.

##....# ###8### ##.....#
#.....# #......# #.....#
.......# #.....#
.......# #.....#
.......# #.###.#
.......# #O.O..#
.......# ##ppO##
.......# ##@##
.......#########'######
........................
........................
........................
########################


You could see a vault guard, a two-headed ogre, an ironbrand convoker and 2
ogres.

Vanquished Creatures
  A deep elf blademaster (Elf:2)
  Gastronok (Lair:2)
  Kirke (Swamp:1)
  The ghost of cada the Grappler, an adept NaTm of Cheibriados (Snake:2)
  7 nagarajas
  Aizul (Swamp:1)
  A deep elf sorcerer (Vaults:1)
  A deep elf elementalist (Elf:2)
  An ironheart preserver (Vaults:1)
  2 deep elf demonologists
  Azrael (D:13)
  A deep elf annihilator (Elf:1)
  A dire elephant (Lair:6)
  Snorg (Lair:6)
  A deep elf death mage (Vaults:1)
  2 ettins (Orc:1)
  2 fire dragons
  3 ogre magi
  An ice dragon (D:14)
  Harold (Lair:4)
  8 hydras
  12 naga warriors
  A rakshasa (D:15)
  A ghost crab (Swamp:3)
  6 vault guards
  A catoblepas (Lair:6)
  A centaur warrior (D:13)
  6 alligators
  12 two-headed ogres
  12 anacondas
  26 dancing weapons
  3 death yaks (Lair:6)
  9 shock serpents
  3 orc high priests
  17 naga sharpshooters
  A hell knight (Volcano)
  Sonja (Lair:2)
  4 salamander mystics
  9 deep elf knights
  A flayed ghost (Vaults:1)
  An unseen horror (D:14)
  A spriggan druid (Swamp:2)
  9 deep elf archers
  2 sea snakes (Snake:3)
  3 naga ritualists
  2 orc knights (Vaults:1)
  47 deep elf magi
  5 wizards
  5 mana vipers
  A lindwurm (Lair:6)
  Pikel (D:9)
  3 oklob plants (Lair:2)
  An ironbrand convoker (Vaults:1)
  10 ugly things
  6 salamanders
  6 elephants
  7 orc sorcerers
  5 manticores
  2 ice statues (IceCv)
  9 cyclopes
  A guardian serpent (shapeshifter) (D:14)
  2 centaur zombies
  6 guardian serpents
  18 naga magi
  8 spiny frogs
  32 black mambas
  A torpor snail (Lair:4)
  A kobold demonologist (D:15)
  A gargoyle (D:13)
  2 rime drakes
  An efreet (D:13)
  A freezing wraith (Vaults:1)
  A komodo dragon (shapeshifter) (D:15)
  7 komodo dragons
  4 trolls
  An ice devil (Lair:2)
  A polar bear (Lair:6)
  4 hornets
  22 slime creatures
  14 blink frogs
  6 bog bodies
  2 tyrant leeches
  A meliai zombie (D:13)
  2 dream sheep (Lair:6)
  7 hippogriffs
  5 spriggans
  A vampire (D:8)
  A water elemental (Elf:1)
  3 shadows
  2 basilisks
  2 wraiths
  4 wyverns
  32 yaks
  2 fire elementals
  3 hogs
  A hungry ghost (D:12)
  8 vampire mosquitoes
  A steam dragon (Lair:5)
  6 wargs
  Menkaure (D:4)
  3 insubstantial wisps (Swamp:3)
  23 swamp worms
  An acid dragon (D:11)
  15 water moccasins
  A hell hound (D:13)
  82 nagas
  5 sky beasts
  Duvessa (D:7)
  3 porcupines
  42 orc warriors
  An ettin simulacrum (Vaults:1)
  A meliai simulacrum (D:15)
  A swamp drake (Swamp:1)
  3 phantoms
  A necrophage (D:10)
  A black bear (D:8)
  A hornet zombie (D:15)
  An ice beast (D:6)
  3 eyes of draining
  26 ogres
  7 wolves
  9 centaurs
  15 crocodiles
  6 big kobolds
  16 bullfrogs
  A gnoll sergeant (D:9)
  Blork the orc (D:4)
  A wyvern zombie (D:13)
  Dowan (D:7)
  2 wyvern skeletons
  3 scorpions
  7 wights
  5 electric eels
  A howler monkey (D:7)
  10 crimson imps
  A quasit (D:13)
  3 hounds
  13 jellies
  A bullfrog skeleton (D:10)
  29 orc priests
  37 orc wizards
  3 centaur skeletons
  2 gnoll shamans
  Jessica (D:3)
  5 iguanas
  Terence (D:2)
  9 worker ants
  A hound skeleton (D:10)
  Robin (D:2)
  2 worker ant zombies
  24 gnolls
  A howler monkey skeleton (D:6)
  A river rat (D:5)
  5 adders
  A shadow imp (D:14)
  14 oozes
  An adder zombie (D:3)
  3 worms
  4 dart slugs
  5 leopard geckos
  80 orcs
  A ball python (D:2)
  13 bats
  3 giant cockroaches
  14 goblins
  14 hobgoblins
  12 jackals
  10 quokkas
  A ball python zombie (D:6)
  3 frilled lizards (D:1)
  29 kobolds
  A quokka skeleton (D:6)
  3 rats
  A plant (Lair:2)
1162 creatures vanquished.

Vanquished Creatures (collateral kills)
  Bai Suzhen (Snake:4)
  Vashnia (Snake:4)
  Roxanne (Snake:4)
  A frost giant (Orc:1)
  An orc warlord (Orc:1)
  A fire dragon (D:15)
  An ice dragon (D:14)
  2 hydras
  Erolcha (D:9)
  5 two-headed ogres
  3 dancing weapons (Elf:2)
  2 deep elf knights (Elf:2)
  2 deep elf magi
  4 ugly things
  8 cyclopes
  2 elephants (Lair:5)
  A cyclops (shapeshifter) (D:8)
  A faun (shapeshifter) (Elf:2)
  A gargoyle (D:13)
  A spiny frog (Lair:1)
  An ice devil (Lair:2)
  A freezing wraith (Vaults:1)
  2 trolls (D:9)
  A polar bear (Lair:2)
  2 hornets
  A hippogriff (D:15)
  3 blink frogs
  A slime creature (Lair:4)
  A spriggan (Swamp:2)
  A fire elemental (D:13)
  A yak (shapeshifter) (D:15)
  17 yaks
  A basilisk (Lair:6)
  A hungry ghost (D:10)
  A swamp drake (Swamp:2)
  3 orc warriors
  7 ice beasts
  2 ogres
  A bullfrog (D:13)
  An earth elemental (Elf:1)
  A scorpion (D:11)
  A wyvern skeleton (D:11)
  2 wights
  A crimson imp (D:13)
  A hound (D:11)
  A hound zombie (D:11)
  A gnoll (D:9)
  A shadow imp (D:15)
  8 orcs
106 creatures vanquished.

Vanquished Creatures (others)
  3 naga sharpshooters
  A deep elf archer (Elf:1)
  2 guardian serpents (Snake:4)
  A spiny frog (Swamp:3)
  A hornet (Swamp:2)
  A shadow (D:15)
  3 humans (Swamp:1)
  A hell hound (D:13)
  2 slaves (D:9)
  A big kobold (D:9)
  An orc priest (Orc:1)
  An orc wizard (Orc:1)
  A ball lightning (Swamp:2)
  8 orcs
  8 fungi
  20 plants
55 creatures vanquished.

Grand Total: 1323 creatures vanquished

Notes
Turn   | Place    | Note
-------+----------+-------------------------------------------
     0 | D:1      | Inarius the Draconian Ice Elementalist began the quest for the Orb.
     0 | D:1      | Reached XP level 1. HP: 14/14 MP: 3/3
   706 | D:1      | Reached XP level 2. HP: 18/20 MP: 3/5
  1353 | D:1      | Reached XP level 3. HP: 26/26 MP: 2/6
  1358 | D:1      | Learned a level 3 spell: Ozocubu's Armour
  2238 | D:2      | Noticed Terence
  2266 | D:2      | Killed Terence
  2266 | D:2      | Reached skill level 1 in Short Blades
  2266 | D:2      | Reached skill level 4 in Ice Magic
  2266 | D:2      | Reached XP level 4. HP: 29/34 MP: 0/7
  3107 | D:2      | Noticed Robin
  3350 | D:2      | Killed Robin
  3447 | D:2      | Learned a level 4 spell: Throw Icicle
  3510 | D:3      | Reached skill level 1 in Fighting
  3554 | D:3      | Reached XP level 5. HP: 37/40 MP: 9/9
  3653 | D:3      | Noticed Jessica
  3655 | D:3      | Noticed Inarius's ghost (novice DrIE)
  3673 | D:3      | Killed Jessica
  4180 | D:3      | Reached XP level 6. HP: 36/47 MP: 6/11
  4508 | D:3      | Learned a level 4 spell: Summon Ice Beast
  4568 | D:4      | Noticed Menkaure
  5252 | D:4      | Noticed Blork the orc
  5763 | D:5      | Entered Level 5 of the Dungeon
  5776 | D:5      | Reached skill level 5 in Ice Magic
  5955 | D:5      | Found a glowing drain.
  5959 | Sewer    | Entered a sewer
  6403 | D:5      | Found a bloodstained altar of Trog.
  6432 | D:5      | Noticed a sky beast
  6443 | D:5      | Killed a sky beast
  6443 | D:5      | Your scales start taking on a golden yellow colour.
  6443 | D:5      | Reached XP level 7. HP: 53/55 MP: 8/13
  7174 | D:6      | Reached skill level 6 in Ice Magic
  7551 | D:6      | Found a staircase to the Ecumenical Temple.
  7572 | Temple   | Entered the Ecumenical Temple
  7610 | Temple   | Became a worshipper of Nemelex Xobeh the Trickster
  7811 | D:6      | Reached skill level 1 in Invocations
  7823 | D:6      | Received a gift from Nemelex Xobeh
  7926 | D:6      | Reached skill level 7 in Ice Magic
  8154 | D:6      | Reached XP level 8. HP: 58/62 MP: 8/14
  8676 | D:7      | Noticed Duvessa
  8676 | D:7      | Noticed Dowan
  8968 | D:7      | Killed Duvessa
  8968 | D:7      | Reached skill level 1 in Charms
  9087 | D:7      | Killed Dowan
  9668 | D:7      | Reached skill level 8 in Ice Magic
  9688 | D:7      | Reached * piety under Nemelex Xobeh
 10029 | D:7      | Received a gift from Nemelex Xobeh
 10738 | D:7      | Reached skill level 9 in Ice Magic
 10738 | D:7      | Reached XP level 9. HP: 67/69 MP: 0/15
 11006 | D:4      | Killed Menkaure
 11106 | D:4      | Found Lipn's Jewellery Boutique.
 11118 | D:4      | Bought an uncursed amulet of magic regeneration for 330 gold pieces
 11186 | D:4      | Found a snail-covered altar of Cheibriados.
 11238 | D:4      | Killed Blork the orc
 11823 | D:8      | Reached skill level 1 in Long Blades
 12058 | D:8      | Found a glowing silver altar of Zin.
 12136 | D:8      | Received a gift from Nemelex Xobeh
 12206 | D:8      | Reached skill level 10 in Ice Magic
 12306 | D:8      | Found a transporter.
 12307 | D:8      | Noticed a cyclops
 12358 | D:8      | Found the +8 demon blade "Bloodbane" {slice, *Rage +Rage Stlth-}
 12359 | D:8      | Reached ** piety under Nemelex Xobeh
 12361 | D:8      | Found a transporter.
 12803 | D:8      | Noticed a guardian serpent
 13027 | D:9      | Found a staircase to the Orcish Mines.
 13027 | D:9      | Noticed a troll
 13339 | D:8      | Reached skill level 5 in Invocations
 13633 | D:9      | Noticed a troll
 13649 | D:9      | Killed a troll
 13649 | D:9      | Reached XP level 10. HP: 74/78 MP: 9/17
 13689 | D:9      | Found a glowing silver altar of Zin.
 13769 | D:9      | Noticed Pikel
 13778 | D:9      | Killed Pikel
 13778 | D:9      | Reached skill level 5 in Spellcasting
 14065 | D:9      | Received a gift from Nemelex Xobeh
 14067 | D:9      | Noticed Erolcha
 14583 | D:9      | Killed Erolcha
 14881 | D:10     | Entered Level 10 of the Dungeon
 14884 | D:10     | Reached skill level 11 in Ice Magic
 15183 | D:10     | Reached skill level 1 in Summonings
 15839 | D:10     | Reached *** piety under Nemelex Xobeh
 15887 | D:10     | Gained mutation: You occasionally shout uncontrollably at your foes. [potion of mutation]
 15887 | D:10     | Gained mutation: You are robust. (+10% HP) [potion of mutation]
 15887 | D:10     | Gained mutation: You are covered in fur. (AC +1) [potion of mutation]
 15887 | D:10     | Gained mutation: You possess an exceptional clarity of mind. [potion of mutation]
 16135 | D:10     | Reached skill level 5 in Dodging
 16173 | D:10     | Reached XP level 11. HP: 80/93 MP: 18/20
 16305 | D:10     | Received a gift from Nemelex Xobeh
 16871 | D:11     | Noticed a four-headed hydra
 16882 | D:11     | Killed a four-headed hydra
 17178 | D:11     | Reached skill level 5 in Fighting
 17178 | D:11     | Reached skill level 5 in Conjurations
 17726 | D:11     | Found a staircase to the Lair.
 17805 | D:11     | Reached skill level 12 in Ice Magic
 17859 | D:11     | Noticed a cyan ugly thing
 17870 | D:11     | Killed a cyan ugly thing
 18614 | D:8      | Got a bound tin amulet
 18770 | D:8      | Identified the amulet of the Modern Princes {Harm *Drain +Fly rN+++ Int-5 SInv} (You found it on level 8 of the Dungeon)
 18870 | Lair:1   | Entered Level 1 of the Lair of Beasts
 18969 | Lair:1   | Reached skill level 1 in Maces & Flails
 19753 | Lair:1   | Received a gift from Nemelex Xobeh
 19767 | Lair:1   | Reached **** piety under Nemelex Xobeh
 20024 | Lair:1   | Received a gift from Nemelex Xobeh
 20590 | D:12     | Lost mutation: You possess an exceptional clarity of mind. [potion of mutation]
 20590 | D:12     | Lost mutation: You occasionally shout uncontrollably at your foes. [potion of mutation]
 20590 | D:12     | Lost mutation: You are robust. (+10% HP) [potion of mutation]
 20590 | D:12     | Gained mutation: You are resistant to hostile enchantments. (MR+) [potion of mutation]
 20777 | D:12     | Noticed a cyan ugly thing
 20789 | D:12     | Killed a cyan ugly thing
 21063 | D:12     | Received a gift from Nemelex Xobeh
 21398 | Lair:2   | Reached ***** piety under Nemelex Xobeh
 21398 | Lair:2   | Received a gift from Nemelex Xobeh
 21419 | Lair:2   | Reached XP level 12. HP: 90/95 MP: 12/21
 21425 | Lair:2   | Found a staircase to the Snake Pit.
 21462 | Lair:2   | Reached skill level 13 in Ice Magic
 21501 | Lair:2   | Found a frozen archway.
 21601 | IceCv    | Entered an ice cave
 21659 | IceCv    | Found a transporter.
 22090 | Lair:2   | Noticed Sonja
 22100 | Lair:2   | Killed Sonja
 22146 | Lair:2   | Learned a level 3 spell: Regeneration
 22422 | Lair:2   | Noticed Gastronok
 22438 | Lair:2   | Killed Gastronok
 22493 | Lair:2   | Received a gift from Nemelex Xobeh
 22880 | Lair:3   | Noticed a five-headed hydra
 22888 | Lair:3   | Killed a five-headed hydra
 22898 | Lair:3   | Noticed a five-headed hydra
 22939 | Lair:3   | Killed an 11-headed hydra
 23285 | Lair:3   | Received a gift from Nemelex Xobeh
 23366 | Lair:3   | Identified the Catalogue of the Damaging Compass
 23479 | Lair:3   | Reached skill level 14 in Ice Magic
 23857 | Lair:4   | Found a dark tunnel.
 23869 | Volcano  | Entered a volcano
 23879 | Volcano  | Received a gift from Nemelex Xobeh
 23893 | Volcano  | Noticed an ogre mage
 23914 | Volcano  | Killed an ogre mage
 23916 | Volcano  | Found a burning altar of Makhleb.
 23993 | Volcano  | Noticed a two-headed ogre
 24014 | Volcano  | Killed a two-headed ogre
 24156 | Volcano  | Noticed a two-headed ogre
 24164 | Volcano  | Killed a two-headed ogre
 24164 | Volcano  | Reached XP level 13. HP: 103/104 MP: 12/24
 24252 | Volcano  | Reached skill level 1 in Necromancy
 24688 | Lair:4   | Found a staircase to the Swamp.
 24971 | Lair:4   | Noticed Harold
 24992 | Lair:4   | Killed Harold
 25094 | Lair:4   | Received a gift from Nemelex Xobeh
 25108 | Lair:4   | Learned a level 6 spell: Freezing Cloud
 26124 | Lair:5   | Received a gift from Nemelex Xobeh
 26327 | Lair:5   | Reached skill level 1 in Shields
 26467 | Lair:5   | Found a snail-covered altar of Cheibriados.
 27020 | Lair:6   | Entered Level 6 of the Lair of Beasts
 27030 | Lair:6   | Received a gift from Nemelex Xobeh
 27404 | Lair:6   | Found a staircase to the Slime Pits.
 27405 | Lair:6   | Found a viscous altar of Jiyva.
 27593 | Lair:6   | Received a gift from Nemelex Xobeh
 27595 | Lair:6   | Reached ****** piety under Nemelex Xobeh
 27773 | Lair:6   | Noticed Snorg
 27779 | Lair:6   | Killed Snorg
 27896 | Lair:6   | Reached skill level 10 in Invocations
 27915 | Lair:6   | Reached skill level 15 in Ice Magic
 28174 | Lair:6   | Gained mutation: You have acidic saliva. [Yellow Draconian growth]
 28174 | Lair:6   | Reached XP level 14. HP: 113/113 MP: 10/26
 29308 | D:11     | Upgraded the game from 0.21.0-25-ge575cb9 to 0.21.0-26-g889b8f6
 29684 | D:13     | Received a gift from Nemelex Xobeh
 30444 | D:14     | Noticed Azrael
 30455 | D:13     | Killed Azrael
 30973 | D:14     | Learned a level 2 spell: Sublimation of Blood
 31156 | D:14     | Received a gift from Nemelex Xobeh
 31659 | D:14     | Reached skill level 16 in Ice Magic
 31797 | D:14     | Found a gate to the Vaults.
 32242 | Orc:1    | Entered Level 1 of the Orcish Mines
 32242 | Orc:1    | Received a gift from Nemelex Xobeh
 32574 | Orc:1    | Received a gift from Nemelex Xobeh
 32669 | Orc:1    | Noticed an orc warlord
 32688 | Orc:1    | Killed an orc warlord
 32767 | Orc:1    | Found a roughly hewn altar of Beogh.
 32926 | Orc:1    | Received a gift from Nemelex Xobeh
 33286 | Orc:1    | Reached XP level 15. HP: 96/121 MP: 19/27
 33712 | Orc:1    | Noticed a frost giant
 33790 | Orc:1    | Killed a frost giant
 34122 | Orc:2    | Entered Level 2 of the Orcish Mines
 34122 | Orc:2    | Found a staircase to the Elven Halls.
 34371 | Orc:2    | Reached skill level 5 in Charms
 35464 | Orc:2    | Found Mutwon's Armour Emporium.
 35464 | Orc:2    | Found Wetufa's Armour Shoppe.
 35464 | Orc:2    | Found Osasel's Book Shoppe.
 35470 | Orc:2    | Found Raefan's Antique Weapon Emporium.
 35474 | Orc:2    | Received a gift from Nemelex Xobeh
 35478 | Orc:2    | Bought a book of Ice for 715 gold pieces
 35478 | Orc:2    | Bought a manual of Invocations for 1214 gold pieces
 35489 | Orc:2    | Learned a level 6 spell: Bolt of Cold
 36197 | Orc:2    | Received a gift from Nemelex Xobeh
 36423 | D:15     | Entered Level 15 of the Dungeon
 36572 | D:15     | Received a gift from Nemelex Xobeh
 36629 | D:15     | Found Homuk's Elemental Accessories.
 36808 | D:15     | Found a staircase to the Depths.
 36846 | D:15     | Reached skill level 17 in Ice Magic
 37500 | D:15     | Received a gift from Nemelex Xobeh
 38043 | Swamp:1  | Entered Level 1 of the Swamp
 38188 | Swamp:1  | Noticed Kirke
 38344 | Swamp:1  | Killed Kirke
 38463 | Swamp:1  | Received a gift from Nemelex Xobeh
 39331 | Swamp:1  | Reached XP level 16. HP: 128/128 MP: 7/28
 39384 | Swamp:1  | Learned a level 6 spell: Ozocubu's Refrigeration
 39943 | Swamp:2  | Received a gift from Nemelex Xobeh
 40104 | Swamp:2  | Received a gift from Nemelex Xobeh
 40127 | Swamp:2  | Identified the +8 hand crossbow "Hydra's Curse" {freeze, *Drain rN+++ MR++ Stlth-} (You found it on level 2 of the Swamp)
 40605 | Swamp:2  | Received a gift from Nemelex Xobeh
 41125 | Swamp:3  | Reached skill level 10 in Conjurations
 41929 | Swamp:1  | Noticed Aizul
 41949 | Swamp:1  | Killed Aizul
 41949 | Swamp:1  | Reached skill level 18 in Ice Magic
 42381 | Elf:1    | Entered Level 1 of the Elven Halls
 43504 | Elf:1    | Found a flickering gateway to a bazaar.
 43520 | Bazaar   | Entered a bazaar
 43520 | Bazaar   | Found Naneasif's Antique Armour Boutique.
 43523 | Bazaar   | Received a gift from Nemelex Xobeh
 43528 | Bazaar   | Found Digosmedgh's Magic Scroll Emporium.
 43538 | Bazaar   | Found Besezaref's General Store.
 43549 | Bazaar   | Found Itiofef's Gadget Boutique.
 43560 | Bazaar   | Found Qexzyq's Antique Weapon Shoppe.
 43588 | Bazaar   | Bought a runed shield for 240 gold pieces
 43613 | Bazaar   | Bought an ancient scimitar for 243 gold pieces
 43613 | Bazaar   | Identified the cursed +0 scimitar "Ashaut" {elec, *Contam rC+ Int+6} (You bought it in a shop in a bazaar)
 43636 | Bazaar   | Bought a ration for 80 gold pieces
 43645 | Bazaar   | Bought a scroll of identify for 12 gold pieces
 43645 | Bazaar   | Bought a scroll of teleportation for 18 gold pieces
 43645 | Bazaar   | Bought a scroll of identify for 12 gold pieces
 43645 | Bazaar   | Bought a scroll of teleportation for 18 gold pieces
 43645 | Bazaar   | Bought a scroll of teleportation for 18 gold pieces
 43645 | Bazaar   | Bought a scroll of identify for 12 gold pieces
 43645 | Bazaar   | Bought a scroll of fear for 21 gold pieces
 44601 | Elf:1    | Identified the Incunabulum of Sand
 44608 | Elf:1    | Identified Lom Lobon's Almanac of Axaxaxas mlö
 44638 | Elf:1    | Identified Ts'ui Pên's Papyrus of Forking Paths
 44782 | Elf:1    | Identified a scroll of acquirement
 44934 | Elf:1    | Identified the Reference Book on Battle Magic
 44981 | Elf:1    | Received a gift from Nemelex Xobeh
 45049 | Elf:1    | Reached skill level 10 in Spellcasting
 45399 | Elf:1    | Upgraded the game from 0.21.0-26-g889b8f6 to 0.21.0-30-g47ce8e4
 45794 | Elf:2    | Found Guizyan's Gadget Emporium.
 45886 | Elf:2    | HP: 5/128 [dire flail of protection (9)]
 46391 | Elf:2    | Found a portal to a secret trove of treasure.
 46794 | Elf:2    | Received a gift from Nemelex Xobeh
 46814 | Elf:2    | Reached XP level 17. HP: 117/134 MP: 0/31
 47347 | Elf:2    | Found a huge runed gate.
 47347 | Elf:2    | Found a huge runed gate.
 47348 | Elf:2    | Found a huge runed gate.
 47351 | Elf:2    | Found a huge runed gate.
 47356 | Elf:2    | Found a huge runed gate.
 47649 | Elf:2    | Noticed a deep elf blademaster
 47665 | Elf:2    | Killed a deep elf blademaster
 47695 | Elf:2    | Reached skill level 19 in Ice Magic
 48304 | Elf:2    | Reached skill level 15 in Invocations
 48643 | Elf:2    | Received a gift from Nemelex Xobeh
 48939 | Snake:1  | Entered Level 1 of the Snake Pit
 49785 | Snake:1  | Found a hide-covered altar of Uskayaw.
 50675 | Snake:1  | Received a gift from Nemelex Xobeh
 51513 | Snake:2  | Upgraded the game from 0.21.0-30-g47ce8e4 to 0.21.0-34-g9234887
 51535 | Snake:2  | Noticed cada's ghost (adept NaTm)
 51560 | Snake:2  | Killed cada's ghost
 52138 | Snake:2  | Found an ornate altar of the Wu Jian Council.
 52281 | Snake:2  | Received a gift from Nemelex Xobeh
 53113 | Snake:2  | Received a gift from Nemelex Xobeh
 53286 | Snake:3  | Found a glowing silver altar of Zin.
 54811 | Snake:3  | Reached XP level 18. HP: 141/141 MP: 21/33
 55185 | Snake:3  | Found Kysyw's Antique Weapon Shoppe.
 55186 | Snake:3  | Received a gift from Nemelex Xobeh
 56017 | Snake:4  | Entered Level 4 of the Snake Pit
 56750 | D:15     | Bought the Catalogue of Cold for 1224 gold pieces
 56999 | Elf:2    | You paid a toll of the Catalogue of Cold to enter a treasure trove
 57000 | Trove    | Entered a treasure trove
 57026 | Trove    | Reached skill level 20 in Ice Magic
 57026 | Trove    | Reached XP level 19. HP: 147/147 MP: 33/35
 57027 | Trove    | Reached XP level 20. HP: 155/155 MP: 33/36
 57029 | Trove    | Got a glittering silver ring
 57060 | Trove    | Identified the ring of Moodiness {AC+1 Str+5} (You found it in a treasure trove)
 57079 | Trove    | Identified a +2 pair of boots of running (You found it in a treasure trove)
 57517 | Snake:4  | Noticed Roxanne
 57539 | Snake:4  | Killed Roxanne
 57551 | Snake:4  | Noticed Vashnia
 57832 | Snake:4  | Killed Vashnia
 57848 | Snake:4  | Identified Roxanne's Guide on Transformation (You took it off Roxanne on level 4 of the Snake Pit)
 57984 | Snake:4  | Received a gift from Nemelex Xobeh
 58073 | Snake:4  | Noticed Bai Suzhen
 58085 | Snake:4  | Killed Bai Suzhen
 59082 | Snake:4  | Reached skill level 21 in Ice Magic
 60964 | Snake:4  | Got a serpentine rune of Zot
 61490 | Snake:4  | Identified the Handbook of Doomed Beguiling
 61859 | Vaults:1 | Entered Level 1 of the Vaults
 62664 | Vaults:1 | Received a gift from Nemelex Xobeh
 63343 | Vaults:1 | Slain by an ironbrand convoker

Skill      XL: |  1  2  3  4  5  6  7  8  9 10 11 12 13 14 15 16 17 18 19 20 |
---------------+-------------------------------------------------------------+-----
Dodging        | 2 3 4 5 6 7 8 9 |  9.0
Short Blades   | 1 |  1.5
Ice Magic      | 4 5 7 9 10 11 12 14 15 16 17 18 19 20 21 | 21.8
Fighting       | 1 2 3 4 5 6 7 8 |  8.0
Spellcasting   | 3 4 6 7 8 10 11 12 | 12.2
Conjurations   | 2 3 4 5 6 7 8 9 10 11 12 | 12.8
Invocations    | 1 3 5 6 7 8 10 11 12 14 15 16 | 16.9
Charms         | 1 2 3 4 5 |  5.0
Long Blades    | 1 |  1.1
Summonings     | 1 2 3 4 |  4.0
Maces & Flails | 1 |  1.2
Necromancy     | 2 3 4 |  4.1
Shields        | 2 3 4 |  4.0
Stealth        | |  1.7

Action                   |  1- 3 |  4- 6 |  7- 9 | 10-12 | 13-15 | 16-18 | 19-21 || total
-------------------------+-------+-------+-------+-------+-------+-------+-------++-------
Melee: Short sword       |   105 |   128 |    84 |       |       |       |       ||   317
       Unarmed           |     3 |       |       |       |       |       |       ||     3
       Tailslap          |     8 |    16 |    35 |    66 |    91 |    20 |     9 ||   245
       Falchion          |       |       |    90 |       |       |       |       ||    90
       Rapier            |       |       |    65 |   317 |   134 |       |       ||   516
       Whip              |       |       |       |    14 |       |       |       ||    14
       Demon blade       |       |       |       |   155 |   601 |   116 |    46 ||   918
       Quick blade       |       |       |       |       |    39 |       |       ||    39
       Bite              |       |       |       |       |    54 |     9 |     8 ||    71
 Cast: Freeze            |    28 |    93 |    86 |     6 |       |       |       ||   213
       Ozocubu's Armour  |     1 |     8 |    21 |    28 |    68 |    38 |     8 ||   172
       Throw Icicle      |       |       |    55 |   180 |   600 |   583 |   190 ||  1608
       Summon Ice Beast  |       |       |       |    27 |    47 |    27 |    12 ||   113
       Regeneration      |       |       |       |     6 |    86 |    65 |    22 ||   179
       Sublimation of Bl |       |       |       |       |     4 |       |       ||     4
       Bolt of Cold      |       |       |       |       |     2 |    33 |    34 ||    69
       Ozocubu's Refrige |       |       |       |       |       |    17 |    24 ||    41
       Freezing Cloud    |       |       |       |       |       |     1 |       ||     1
 Abil: Breathe Acid      |       |       |     7 |     3 |    12 |     3 |       ||    25
Evoke: Deck              |       |       |     7 |    22 |    37 |    33 |    13 ||   112
       Wand              |       |       |     1 |     1 |     2 |     3 |       ||     7
  Use: Scroll            |       |    11 |     8 |     8 |     7 |    17 |     7 ||    58
       Potion            |       |     1 |     1 |    10 |     2 |     6 |     1 ||    21
 Stab: Distracted        |       |     2 |       |     6 |     1 |     1 |       ||    10
       Sleeping          |       |     6 |       |     2 |       |       |       ||     8
       Paralysed         |       |       |       |       |       |       |     1 ||     1
  Eat: Chunk             |     4 |    15 |    22 |    49 |    97 |    47 |    16 ||   250
       Ration            |       |       |     4 |     5 |     5 |    12 |     6 ||    32
Armor: Skin              |    54 |    58 |    92 |   211 |   473 |   133 |    39 ||  1060
Dodge: Dodged            |   118 |   113 |   253 |   416 |   697 |   189 |    46 ||  1832
Block: Other             |       |       |       |     9 |       |       |       ||     9
       Reflection        |       |       |       |     2 |     2 |    42 |    31 ||    77
       Shield            |       |       |       |       |   432 |   227 |   118 ||   777
       Rpst.: Falchion   |       |       |    21 |       |       |       |       ||    21
       Demon blade       |       |       |       |    36 |   112 |    29 |     4 ||   181
